[Event "*** Titled Tuesday 3|2 Blitz"]
[Site "Chess.com"]
[Date "2016.02.02"]
[Round "1"]
[White "brauliocuarta"]
[Black "ZEN-22"]
[Result "1/2-1/2"]
[WhiteElo "1965"]
[BlackElo "2372"]
[TimeControl "180+2"]
[EndTime "17:09:44 PST"]
[Termination "Game drawn - insufficient material"]

1. d4 e6 2. c4 d5 3. Nc3 Ne7 4.
Nf3 a6 5. Bf4 f6 6. e3 g5 7. Bg3 h5 8. h3 Nf5 9. cxd5 Nxg3 10. fxg3 Bd6 11. Qc2 Bxg3+ 12. Kd1 Kf7 13. dxe6+ Bxe6 14. Ne4 Bd6 15. h4 g4 16. Neg5+ fxg5 17.
Nxg5+ Ke7 18. Nxe6 Kxe6 19. Bc4+ Ke7 20. Rf1 Qe8 21.
Rf7+ Kd8 22. Qf5 Rf8 23. Kc2 Rxf7 24. Bxf7 Qc6+ 25. Kd3 Nd7 26. Qg5+ Kc8 27. Qg8+ Nf8 28. Rf1 Kb8 29. Bd5 Qb5+ 30. Bc4 Qe8 31. Bf7 Qd8 32. Bxh5 Ka7 33. Bxg4 Qxh4 34. Bf3 Rd8 35. Qd5 c6 36. Qa5 Ne6 37. Rc1 Bc7 38. Qb4 Bb6 39. Rc4 c5 40. d5 cxb4 41. Rxh4 Nc5+ 42. Kc4 b3 43. axb3 Nd7 44. Rh5 Bxe3 45. g4 Nb6+ 46. Kd3 Bc1 47. g5 Nxd5 48. Kc2 Bf4 49. g6 Ne3+ 50. Kc3 Rd7 51. Rh7 Rg7 52. Kd3 Nf5 53.
Ke4 Bc1 54. Kxf5 Bxb2 55. Rxg7 Bxg7 56. Ke6 b5 57. Kf7 Bd4 58. g7 Bxg7 59. Kxg7 Kb6 60.
Kf6 Kc5 61. Ke5 a5 62. Ke4 Kb4 63. Bd1 Kc3 64. Kd5 Kd2 65. Bh5 Kc2 66. Kc5 Kxb3 67.
Kxb5 a4 68. Bf7+ Ka3 69. Ka5 Kb2 70. Kxa4 1/2-1/2

[Event "*** Titled Tuesday 3|2 Blitz"]
[Site "Chess.com"]
[Date "2016.02.02"]
[Round "1"]
[White "Silent_Terror"]
[Black "LADIESGET2KNOWME"]
[Result "1-0"]
[WhiteElo "2662"]
[BlackElo "2311"]
[TimeControl "180+2"]
[EndTime "17:09:50 PST"]
[Termination "Silent_Terror won by resignation"]

1. e4 c6 2. Nc3 d5 3. Nf3 Bg4 4. h3 Bxf3 5. Qxf3 e6 6. d3 Nd7 7. Qg3 Ngf6 8. Be2 g6 9. O-O Bg7 10. f4 O-O 11. e5 Ne8 12. Bg4 Qe7 13. d4 c5 14. Ne2 Nc7 15. c3 cxd4 16. Nxd4 Nc5 17. Be2 Ne4 18. Qe1 f6 19. exf6 Bxf6 20. Be3 e5 21. fxe5 Bxe5 22. Bf3 Ng3 23. Rf2 Rae8 24.
Qd2 Ne4 25. Bxe4 dxe4 26. Raf1 Rxf2 27. Qxf2 Rf8 28. Qxf8+ Qxf8 29. Rxf8+ Kxf8 30. Ne2 a6 31. Kf2 Kf7 32. Bd4 Ke6 33. c4 Bxd4+ 34. Nxd4+ Ke5 35. Ke3 Ne8 36. b3 Nd6 37. g4 h5 38. Ne2 hxg4 39.
hxg4 g5 40. Nc3 b6 41. a3 a5 42. a4 Nb7 43. Nxe4 Nc5 44. Nd2 Ne6 45. Nf3+ Kd6 46.
Nd2 Ke5 47. Nf3+ Kd6 48. Ke4 Nc5+ 49. Kf5 Nxb3 50. Kxg5 Nc5 51. Kf6 Nxa4 52. g5 Nc5 53. g6 Nd7+ 54. Kf7 a4 55. g7 a3 56. g8=Q a2 57. Qg1 1-0

[Event "*** Titled Tuesday 3|2 Blitz"]
[Site "Chess.com"]
[Date "2016.02.02"]
[Round "1"]
[White "ItalianMachine"]
[Black "Dr-Bassem"]
[Result "1/2-1/2"]
[WhiteElo "2237"]
[BlackElo "2472"]
[TimeControl "180+2"]
[EndTime "17:09:55 PST"]
[Termination "Game drawn by repetition"]

1. d4 Nf6 2. c4 e6 3. Nf3 Bb4+ 4. Bd2 Qe7 5. Nc3 O-O 6. e3 b6 7. Bd3 Bb7 8. O-O Bxc3 9. Bxc3 Ne4 10. Be1 f5 11.
Qc2 d6 12. Nd2 Nxd2 13. Bxd2 Nd7 14. f3 Rae8 15. Rfe1 Qg5 16. e4 f4 17. e5 Bxf3 18. Bxh7+ Kh8 19. Qg6 Qxg2+ 20. Qxg2 Bxg2 21. Bg6 f3 22.
Kf2 dxe5 23. Bxe8 Rxe8 24. dxe5 Nc5 25. Re3 Rd8 26. Bc3 Kh7 27. Kg3 a5 28. Rc1 Kg6 29. Rc2 Kf5 30. Rd2 Rxd2 31. Bxd2 Ne4+ 32. Rxe4 Kxe4 33. Bg5 Kd3 34. Kf2 Kxc4 35. Bd8 b5 36.
Bxc7 a4 37. Bd6 Kd3 38. b3 Kc2 39. bxa4 bxa4 40. a3 Kd3 41. Bb8 Ke4 42. Bd6 Bh3 43. Bf8 g6 44. Bg7 Bf5 45. Bh8 g5 46. Bf6 g4 47.
Bg7 Kd4 48. Bf6 Bc2 49. Bg7 Ke4 50. Bf6 Kf4 51. Bg7 Kg5 52. Bf6+ Kh5 53. Kg3 Kg6 54. Bh8 Kf5 55. Bf6 Ke4 56. Kf2 Kd4 57. Bg7 Bf5 58.
Bf6 Kc4 59. Bg7 Kb3 60. Bf8 Kc3 61. Bg7 Kd4 62. Bf6 1/2-1/2

[Event "*** Titled Tuesday 3|2 Blitz"]
[Site "Chess.com"]
[Date "2016.02.02"]
[Round "1"]
[White "dcremisi"]
[Black "DeviatkinAndrey"]
[Result "0-1"]
[WhiteElo "2154"]
[BlackElo "2461"]
[TimeControl "180+2"]
[EndTime "17:10:04 PST"]
[Termination "DeviatkinAndrey won by resignation"]

1. d4 d5 2. c4 dxc4 3. e3 e5 4.
Bxc4 Nc6 5. Nf3 e4 6. Nfd2 Qg5 7. Nxe4 Qxg2 8. Ng3 Nf6 9. Qb3 Bb4+ 10. Bd2 Bxd2+ 11. Nxd2 O-O 12. O-O-O Na5 13. Qd3 Nxc4 14. Nxc4 Bh3 15. Qd2 Ne4 16. Nxe4 Qxe4 17. Rhg1 Bf5 18. Qc3 f6 19.
Nd2 Qd5 20. Qb3 c6 21. Qxd5+ cxd5 22. Nb1 Kf7 23. Kd2 Rac8 24. Nc3 Rfd8 25. Rc1 g5 26. Nb5 a6 27. Rxc8 Bxc8 28. Na3 Be6 29. Rc1 Rc8 30.
Rxc8 Bxc8 31. Nb1 h5 32. Nc3 Ke6 33. Na4 Kf5 34. Ke2 Kg4 35. Kf1 Kf3 36. Nc3 Bh3+ 37. Kg1 Be6 38. Kf1 h4 39. a4 a5 40. b3 g4 41. Ne2 Ke4 42. Nf4 Bd7 43. Ke2 b5 44. axb5 Bxb5+ 45. Kd2 Kf3 46. Ke1 Bc6 47. Nh5 f5 48. Nf4 g3 49. fxg3 hxg3 50. hxg3 Kxe3 51. Ne6 Kd3 52. Kf2 Kc3 53. Nc5 Kxd4 54. Ne6+ Kc3 55. Nc5 d4 56. Ne6 Bd5 57. Nf4 Bxb3 58. Ne2+ Kc4 59.
Kf3 Bd1 0-1

[Event "*** Titled Tuesday 3|2 Blitz"]
[Site "Chess.com"]
[Date "2016.02.02"]
[Round "1"]
[White "vellottiwizard"]
[Black "spirals5"]
[Result "1/2-1/2"]
[WhiteElo "2455"]
[BlackElo "2245"]
[TimeControl "180+2"]
[EndTime "17:11:06 PST"]
[Termination "Game drawn by repetition"]

1. e4 c5 2. Nf3 d6 3. d4 cxd4 4. Nxd4 Nf6 5. Nc3 a6 6. Be3 e5 7. Nb3 Be6 8. f4 Qc7 9. f5 Bc4 10. Bxc4 Qxc4 11. Qf3 Nbd7 12. O-O-O h5 13. Kb1 Be7 14.
Nd2 Qc6 15. Nd5 Nxd5 16. exd5 Qc7 17. h3 h4 18. Rhe1 b5 19. Re2 Rc8 20. Ne4 Nf6 21.
Nf2 b4 22. Bg5 a5 23. Bxf6 gxf6 24. Ne4 a4 25. Qd3 Qc4 26. Qxc4 Rxc4 27. b3 axb3 28. axb3 Rc7 29. Kb2 Ra7 30. Ra1 Rxa1 31. Kxa1 Kd7 32. Kb1 Ra8 33. c3 bxc3 34. Nxc3 Bd8 35.
Ne4 Ra5 36. Rd2 Rb5 37. Kc2 Ke7 38. Kc3 Ba5+ 39. b4 Rxb4 40. Ra2 Ra4+ 41. Kb3 Rxe4 42. Rxa5 Re2 43. Ra7+ Ke8 44. Ra8+ Ke7 45. Ra7+ Kf8 46. Rd7 Rxg2 47. Rxd6 Kg7 48. Rc6 Rd2 49. d6 e4 50. Kc3 e3 51. Rc4 Rxd6 52. Rxh4 Rd5 53. Rg4+ Kh6 54. Rg2 Rxf5 55. Kd3 Re5 56. Re2 Kg5 57.
Rxe3 Kh4 58. Rf3 f5 59. Kd4 Ra5 60. Ke3 Kg5 61. Kf2 f4 62. Rb3 Ra2+ 63. Kg1 f5 64. Kf1 Kf6 65. Rb5 Ra3 66. Kg2 Rg3+ 67. Kh2 Rg8 68. Rc5 f3 69. Rc3 Rg2+ 70. Kh1 Rg3 71. Kh2 f4 72. Rc5 f2 73. Rc1 Kf5 74. Rf1 Ke4 75.
Rxf2 Ke3 76. Ra2 Rg8 77. Ra3+ Kf2 78. Ra2+ Ke3 79. Ra3+ Kf2 80. Ra2+ Ke3 81. Ra3+ 1/2-1/2

[Event "*** Titled Tuesday 3|2 Blitz"]
[Site "Chess.com"]
[Date "2016.02.02"]
[Round "1"]
[White "tac49"]
[Black "BCNUM8"]
[Result "1-0"]
[WhiteElo "2476"]
[BlackElo "2201"]
[TimeControl "180+2"]
[EndTime "17:12:26 PST"]
[Termination "tac49 won on time"]

1. e4 c5 2. Nf3 Nc6 3. Nc3 d6 4. d4 cxd4 5. Nxd4 Nf6 6. Bg5 Bd7 7.
f4 Qb6 8. Nb3 Qe3+ 9. Qe2 Ng4 10. Nd5 Qxe2+ 11. Bxe2 Rc8 12. f5 Nge5 13. O-O-O e6 14.
Nc3 Be7 15. Be3 O-O 16. Nb5 exf5 17. Nxd6 Bxd6 18. Rxd6 fxe4 19. Nc5 Bg4 20. Re1 Bxe2 21. Rxe2 Nc4 22. Rd7 f5 23. Nxb7 f4 24. Bc5 f3 25.
gxf3 exf3 26. Rf2 Rf5 27. b3 N6e5 28. Rd5 Nb6 29. Rd1 Ng4 30. Rff1 Rcxc5 31. Nxc5 Ne3 32. Rd8+ Kf7 33. Rf2 Rxc5 34. Rxf3+ Nf5 35. c4 Kg6 36. Kb2 Rc7 37. Kc3 Nd7 38. Re8 Nf6 39. Re1 Nd5+ 40. Kb2 Nde7 41. Re6+ Kf7 42. Ra6 g5 43. Kc3 g4 44.
Rf1 h5 45. b4 Nd5+ 46. Kb3 Ne7 47. Rh6 Kg7 48. Rxh5 Kg6 49. Rh8 Nd4+ 50. Kc3 Nf3 51.
h3 Kg7 52. hxg4 Kxh8 53. Rxf3 Kg7 54. b5 Kg6 55. Kb4 Kg5 56. a4 Kxg4 57. Rf8 Nf5 58.
c5 Nd4 59. a5 Rb7 60. b6 axb6 61.
cxb6 Re7 62. a6 Re6 63. Kc5 Nb3+ 64. Kb5 Nd4+ 65. Ka5 Re5+ 66. Ka4 Re6 67. b7 Rxa6+ 68.
Kb4 Re6 69. Kc4 Nc6 70. Kd5 Rg6 71. Rc8 Rg7 72. Kxc6 Rg6+ 73. Kc7 Rg7+ 74. Kb6 Kf5 75. Rc6 Rg8 76. Rc8 Ke5 77. Rxg8 1-0

[Event "*** Titled Tuesday 3|2 Blitz"]
[Site "Chess.com"]
[Date "2016.02.02"]
[Round "2"]
[White "Er_is_geen_hoop_meer"]
[Black "dsanchez1973"]
[Result "1-0"]
[WhiteElo "2301"]
[BlackElo "1971"]
[TimeControl "180+2"]
[EndTime "17:14:26 PST"]
[Termination "Er_is_geen_hoop_meer won by resignation"]

1. d4 d5 2. c4 c6 3. Nf3 e6 4. e3 Nf6 5. b3 Nbd7 6. Bb2 a6 7. Bd3 b5 8. Nbd2 Bd6 9. O-O O-O 10. Ne5 Qc7 11. f4 Ne8 12. Rc1 f6 13. Nxc6 Qxc6 14. cxd5 Qxd5 15. Be4 1-0

[Event "*** Titled Tuesday 3|2 Blitz"]
[Site "Chess.com"]
[Date "2016.02.02"]
[Round "2"]
[White "Thomaslegend"]
[Black "dwyde"]
[Result "1-0"]
[WhiteElo "2105"]
[BlackElo "2276"]
[TimeControl "180+2"]
[EndTime "17:15:18 PST"]
[Termination "Thomaslegend won by resignation"]

1. Nf3 d5 2. g3 e6 3. Bg2 c5 4. O-O Nf6 5. d4 Nc6 6. c4 Be7 7. dxc5 Bxc5 8. cxd5 exd5 9. Nc3 O-O 10. Bg5 Be6 11. Bxf6 Qxf6 12. Nxd5 Qxb2 13. Nc7 Rad8 14. Qc1 Qxc1 15. Rfxc1 Ba3 16. Nxe6 fxe6 17. Rd1 e5 18. Ng5 Rxd1+ 19. Rxd1 Rd8 20. Bd5+ 1-0

[Event "*** Titled Tuesday 3|2 Blitz"]
[Site "Chess.com"]
[Date "2016.02.02"]
[Round "2"]
[White "Winehouse83"]
[Black "Po6Don"]
[Result "0-1"]
[WhiteElo "2294"]
[BlackElo "2133"]
[TimeControl "180+2"]
[EndTime "17:16:57 PST"]
[Termination "Po6Don won by resignation"]

1. d4 d5 2. c4 e5 3. dxe5 d4 4. Nf3 Nc6 5. a3 Bg4 6. Nbd2 Qe7 7. h3 Bh5 8. g4 Bg6 9. Bg2 O-O-O 10. b4 h5 11. b5 Nxe5 12. Nxe5 Qxe5 13. Nf3 Qe8 14. Bb2 hxg4 15. hxg4 Rxh1+ 16. Bxh1 d3 17. e3 Bc5 18. Nd4 Bxd4 19. Bxd4 Rxd4 20. Qf3 Be4 21. Qf4 d2+ 22. Kd1 Bc2+ 23. Kxc2 0-1

[Event "*** Titled Tuesday 3|2 Blitz"]
[Site "Chess.com"]
[Date "2016.02.02"]
[Round "2"]
[White "BillieKimbah"]
[Black "tac49"]
[Result "1/2-1/2"]
[WhiteElo "2484"]
[BlackElo "2476"]
[TimeControl "180+2"]
[EndTime "17:17:12 PST"]
[Termination "Game drawn by agreement"]

1. d4 Nf6 2. Nf3 g6 3. Bf4 Bg7 4. e3 O-O 5. h3 d6 6. Be2 Ne4 7.
O-O Nd7 8. Bh2 b6 9. Nbd2 Nxd2 10. Qxd2 Bb7 11. a4 a5 12. Rfe1 e5 13. dxe5 Nxe5 14. Nxe5 Bxe5 15. Bxe5 dxe5 16. Qc3 Qe7 17. Red1 Rfd8 18. b3 Kg7 19. f3 f6 20. Kf2 Rxd1 21. Rxd1 Rd8 22. Rxd8 Qxd8 23. Qc4 Qd6 24. Bd3 Bd5 25. Qb5 Qc6 26. e4 Qxb5 27. Bxb5 Be6 28. Ke3 1/2-1/2

[Event "*** Titled Tuesday 3|2 Blitz"]
[Site "Chess.com"]
[Date "2016.02.02"]
[Round "2"]
[White "Recombinant"]
[Black "kharposh"]
[Result "1-0"]
[WhiteElo "2217"]
[BlackElo "2051"]
[TimeControl "180+2"]
[EndTime "17:17:40 PST"]
[Termination "Recombinant won by checkmate"]

1. d4 d5 2. c4 e6 3. Nc3 c5 4. cxd5 exd5 5. Nf3 Nc6 6. g3 Bg4 7. dxc5 Bxc5 8. Qxd5 Qxd5 9. Nxd5 O-O-O 10. Ne3 Nb4 11. a3 Bxe3 12. axb4 Bxf3 13. exf3 Bb6 14. Bf4 Re8+ 15.
Kd2 Nf6 16. Bh3+ Kd8 17. Kc2 Re2+ 18. Kb3 Bxf2 19. Rhd1+ Ke8 20. Rac1 Kf8 21. Rc8+ Re8 22. Rdd8 Ke7 23. Bd6# 1-0

[Event "*** Titled Tuesday 3|2 Blitz"]
[Site "Chess.com"]
[Date "2016.02.02"]
[Round "2"]
[White "LADIESGET2KNOWME"]
[Black "HansCoolNiemann"]
[Result "1-0"]
[WhiteElo "2317"]
[BlackElo "2200"]
[TimeControl "180+2"]
[EndTime "17:18:04 PST"]
[Termination "LADIESGET2KNOWME won by resignation"]

1. d4 Nf6 2. Nc3 e6 3. Bg5 d5 4. e4 dxe4 5. Nxe4 Be7 6. Bxf6 gxf6 7. Nf3 f5 8. Nc3 a6 9. g3 b5 10. Bg2 Bb7 11. O-O c5 12. Re1 O-O 13. Qd2 cxd4 14. Nxd4 Bxg2 15. Kxg2 Bf6 16. Rad1 b4 17. Na4 Qd5+ 18.
Kg1 Qa5 19. b3 Rd8 20. Qe3 Qc7 21. Nxe6 fxe6 22. Qxe6+ Kg7 23. Qxf5 Nc6 24. Nc5 Rxd1 25. Ne6+ Kf7 26. Qxh7+ Ke8 27. Nxc7+ Kd8 28. Rxd1+ Kc8 29. Nxa8 1-0

[Event "*** Titled Tuesday 3|2 Blitz"]
[Site "Chess.com"]
[Date "2016.02.02"]
[Round "2"]
[White "the_drake"]
[Black "GianmarcoVaR"]
[Result "0-1"]
[WhiteElo "2005"]
[BlackElo "2240"]
[TimeControl "180+2"]
[EndTime "17:18:27 PST"]
[Termination "GianmarcoVaR won by resignation"]

1. e4 c6 2. d4 d5 3. e5 Bf5 4. h4 h5 5. c4 e6 6. Nc3 Nd7 7. Nf3 Bg4 8. Bg5 Be7 9. Bxe7 Nxe7 10. c5 b6 11. b4 a5 12. a3 axb4 13. axb4 Rxa1 14. Qxa1 Bxf3 15. gxf3 bxc5 16. bxc5 Nf5 17. Qa4 O-O 18. Bd3 Nxh4 19. Ke2 Qg5 20. Qxc6 Nxe5 21. dxe5 Qxe5+ 22. Ne4 Ng6 23. Qa4 Nf4+ 24. Kd2 dxe4 25. Qxe4 Nxd3 26. Qxd3 Qxc5 27. Rxh5 Qxh5 0-1

[Event "*** Titled Tuesday 3|2 Blitz"]
[Site "Chess.com"]
[Date "2016.02.02"]
[Round "2"]
[White "aNONoNonono"]
[Black "pedromartinez91"]
[Result "0-1"]
[WhiteElo "2081"]
[BlackElo "1981"]
[TimeControl "180+2"]
[EndTime "17:18:44 PST"]
[Termination "pedromartinez91 won by resignation"]

1. e4 e6 2. d4 d5 3. Nc3 Bb4 4. exd5 exd5 5. Bd3 Nf6 6. Bg5 Be7 7. Qf3 c6 8. Nge2 O-O 9. O-O Nbd7 10. Ng3 Re8 11. Rfe1 Nf8 12. Nf5 Bxf5 13. Qxf5 Ng6 14. h4 Ne4 15. Nxe4 dxe4 16. Bxe4 Bxg5 17. Qxg5 Qxd4 18. Bxg6 hxg6 19. c3 Qf6 20. Kf1 Rad8 21.
Rxe8+ Rxe8 22. Qxf6 gxf6 23. Rd1 Re7 24. a4 Kg7 25. a5 a6 26. Rd4 f5 27. c4 Kf6 28.
b4 Ke5 29. Rd8 f4 30. Ke2 Ke4 31. Ra8 f3+ 32. Kf1 fxg2+ 33. Kxg2 Kd4 34. b5 axb5 35.
cxb5 cxb5 36. Ra7 Kc5 37. Kf3 b4 38. Ra8 b3 39. Rd8 Kb4 40. Rd5 b2 41. Rd1 Kb3 42.
Kg4 Kc2 0-1

[Event "*** Titled Tuesday 3|2 Blitz"]
[Site "Chess.com"]
[Date "2016.02.02"]
[Round "2"]
[White "Mornar1951"]
[Black "TheLancer"]
[Result "1-0"]
[WhiteElo "2610"]
[BlackElo "2453"]
[TimeControl "180+2"]
[EndTime "17:19:29 PST"]
[Termination "Mornar1951 won by resignation"]

1. Nf3 c5 2. c4 g6 3. d4 cxd4 4. Nxd4 Bg7 5. e4 Nc6 6. Be3 Nf6 7. Nc3 d6 8. f3 Nxd4 9. Qxd4 O-O 10. Qd2 Be6 11.
Rc1 Qa5 12. Be2 Rfc8 13. b3 a6 14. Na4 Qxd2+ 15. Kxd2 Nd7 16. g4 f5 17. gxf5 gxf5 18. Nc3 Nc5 19. Rhg1 Kf7 20. Nd5 Bxd5 21. exd5 Bf6 22.
f4 Ne4+ 23. Kd3 Nc5+ 24. Bxc5 Rxc5 25. Bh5+ Kf8 26. Rg3 e6 27. Rcg1 Rac8 28. dxe6 Ke7 29. Bf3 b5 30. Bd5 bxc4+ 31. bxc4 Ra5 32. Rg7+ Bxg7 33.
Rxg7+ Kf6 34. Rxh7 Rxa2 35. h4 Rg8 36. Rf7+ Kg6 37.
e7 Kh6 38. Rf6+ Kg7 39. Bxg8 1-0

[Event "*** Titled Tuesday 3|2 Blitz"]
[Site "Chess.com"]
[Date "2016.02.02"]
[Round "2"]
[White "ethylalcohol"]
[Black "DaPazz"]
[Result "0-1"]
[WhiteElo "1723"]
[BlackElo "1991"]
[TimeControl "180+2"]
[EndTime "17:19:35 PST"]
[Termination "DaPazz won on time"]

1. e4 c5 2. Nc3 Nc6 3. g3 g6 4. Bg2 Bg7 5. d3 e6 6. Be3 d6 7. Qd2 Nge7 8. Bh6 O-O 9. h4 Bxh6 10. Qxh6 f6 11. O-O-O Rb8 12. Nf3 Nd4 13. h5 Qe8 14. hxg6 Qxg6 15. Nxd4 Qxh6+ 16. Rxh6 cxd4 17. Nb5 Kg7 18. Rdh1 Rh8 19. Nxd6 Bd7 20. f4 b5 21. e5 f5 22. Rf6 Rbf8 23. Rxf8 Rxf8 24. Kd2 a6 25. Rh5 h6 26. Rh1 Bc6 27. Rg1 Bxg2 28. Rxg2 Nd5 29. Rf2 h5 30. c3 dxc3+ 31. bxc3 b4 32. cxb4 Nxb4 33. a3 Nd5 34. Rf1 Rb8 35. Nc4 Rb3 36. Rc1 Kg6 0-1

[Event "*** Titled Tuesday 3|2 Blitz"]
[Site "Chess.com"]
[Date "2016.02.02"]
[Round "2"]
[White "SenseiJulio"]
[Black "gmcorrales"]
[Result "0-1"]
[WhiteElo "2541"]
[BlackElo "2474"]
[TimeControl "180+2"]
[EndTime "17:19:41 PST"]
[Termination "gmcorrales won by resignation"]

1. d4 d5 2. c4 c6 3. cxd5 cxd5 4. Bf4 Nf6 5. Nc3 a6 6. e3 Nc6 7.
Bd3 e6 8. Rc1 Be7 9. Nf3 O-O 10.
h3 Bd7 11. O-O Rc8 12. Qe2 Na5 13. Ne5 Bc6 14. Bg5 Nd7 15. Bxe7 Qxe7 16. f4 f5 17. g4 Nxe5 18. fxe5 Qg5 19. Rf4 Nc4 20. Rcf1 fxg4 21. Rxf8+ Rxf8 22. Bxh7+ Kxh7 23. Rxf8 gxh3+ 24. Kh1 Nxe3 25. Rf3 Qg2+ 26. Qxg2 hxg2+ 27. Kg1 Nf5 28. Rf4 g5 29.
Rg4 Kg6 30. Ne2 Nh4 31. Rg3 Kf5 32. Kf2 Bb5 33. Ng1 g4 34. Re3 Bf1 35. Rc3 Ke4 36. Rc7 Nf5 37. Rxb7 g3+ 38. Ke1 Nxd4 39. Rg7 Nf3+ 40.
Kd1 Nxg1 41. Rxg3 Nf3 0-1

[Event "*** Titled Tuesday 3|2 Blitz"]
[Site "Chess.com"]
[Date "2016.02.02"]
[Round "2"]
[White "lionheart95"]
[Black "davidarenas1224"]
[Result "1-0"]
[WhiteElo "2287"]
[BlackElo "2026"]
[TimeControl "180+2"]
[EndTime "17:19:41 PST"]
[Termination "lionheart95 won by resignation"]

1. e4 c5 2. Nf3 d6 3. d4 cxd4 4. Nxd4 Nf6 5. Nc3 g6 6. Bc4 Bg7 7. Be3 O-O 8. f3 Nc6 9. Bb3 Bd7 10. h4 h5 11. Qd2 Ne5 12. O-O-O Rc8 13. Bg5 Rc5 14. Kb1 Re8 15. g4 hxg4 16. h5 Nxh5 17. Nd5 gxf3 18. Bh6 e6 19. Bxg7 Kxg7 20. Nf4 Nxf4 21.
Qxf4 Rh8 22. Nxf3 Qf6 23. Qxf6+ Kxf6 24. Nxe5 Rxh1 25. Nxd7+ Ke7 26. Rxh1 Kxd7 27. c3 Re5 28. Bc2 g5 29. Kc1 Ke7 30. Kd2 g4 31. Ke3 Rg5 32. Kf4 Rg7 33. Kg3 Kf6 34. Rh6+ Ke5 35. Rh5+ Kf6 36.
Rh8 Ke5 37. Rb8 f5 38. exf5 exf5 39. Re8+ Kf6 40. Rf8+ 1-0

[Event "*** Titled Tuesday 3|2 Blitz"]
[Site "Chess.com"]
[Date "2016.02.02"]
[Round "2"]
[White "AndreyOstrovskiy"]
[Black "Silent_Terror"]
[Result "1-0"]
[WhiteElo "2464"]
[BlackElo "2595"]
[TimeControl "180+2"]
[EndTime "17:19:48 PST"]
[Termination "AndreyOstrovskiy won by resignation"]

1. e4 e6 2. d4 d5 3. Nc3 Bb4 4. exd5 exd5 5. Bd3 Nf6 6. a3 Be7 7. Nf3 O-O 8. h3 Re8 9. O-O Nbd7 10. Bf4 c6 11. Qd2 Nf8 12. Ne5 Ng6 13. Bh2 Bd6 14.
Rae1 Qc7 15. f4 Bd7 16. Kh1 b6 17. Qf2 c5 18. Nxd7 Nxd7 19. Nb5 Qc6 20. Nxd6 Rxe1 21.
Rxe1 c4 22. Bf1 Qxd6 23. f5 Qf6 24. Qf3 Ne7 25. Bxc4 Rc8 26. Bd3 Nc6 27. c3 Ne7 28. Be5 Nxe5 29. dxe5 Qh6 30. f6 Ng6 31. e6 fxe6 32. f7+ Kh8 33. Rxe6 Qc1+ 34. Kh2 Rf8 35. Bxg6 hxg6 36. Re8 1-0

[Event "*** Titled Tuesday 3|2 Blitz"]
[Site "Chess.com"]
[Date "2016.02.02"]
[Round "2"]
[White "Ar4uha"]
[Black "Jahonas"]
[Result "1-0"]
[WhiteElo "2406"]
[BlackElo "2193"]
[TimeControl "180+2"]
[EndTime "17:20:03 PST"]
[Termination "Ar4uha won by resignation"]

1. e4 c5 2. Nf3 d6 3. Bb5+ Bd7 4. c4 e5 5. Nc3 a6 6. Bxd7+ Nxd7 7. O-O Ngf6 8. d3 Be7 9. Qe2 O-O 10. Nh4 Nxe4 11. Qxe4 Bxh4 12. Qxb7 Nb6 13. f4 f5 14. Be3 Bf6 15.
Rad1 Kh8 16. Nd5 Nxd5 17. Qxd5 Rb8 18. b3 Qc7 19. fxe5 Bxe5 20. d4 cxd4 21. Bxd4 Rbe8 22.
Kh1 h6 23. Rfe1 f4 24. Bg1 f3 25.
gxf3 Qf7 26. Qxf7 Rxf7 27. Rxd6 Bxd6 28. Rxe8+ Kh7 29. c5 Bc7 30. Kg2 Rf5 31. h4 Kg6 32.
Re7 Bf4 33. Bd4 Kh5 34. c6 Rd5 35. Rd7 Rb5 36. c7 1-0

[Event "*** Titled Tuesday 3|2 Blitz"]
[Site "Chess.com"]
[Date "2016.02.02"]
[Round "2"]
[White "DeviatkinAndrey"]
[Black "Dlugy"]
[Result "1-0"]
[WhiteElo "2476"]
[BlackElo "2556"]
[TimeControl "180+2"]
[EndTime "17:20:14 PST"]
[Termination "DeviatkinAndrey won by resignation"]

1. e4 d5 2. Nc3 d4 3. Nce2 g6 4. d3 Bg7 5. f4 c5 6. g3 Nc6 7. Bg2 e5 8. Nf3 Nge7 9. O-O O-O 10. fxe5 Nxe5 11. Nxe5 Bxe5 12. Bh6 Bg7 13. Qd2 Nc6 14.
h3 Ne5 15. Rf2 Be6 16. b3 f6 17. Raf1 g5 18. Bxg7 Kxg7 19. g4 Bf7 20. Rxf6 Qxf6 21. Rxf6 Kxf6 22. b4 b6 23. bxc5 bxc5 24. Qa5 Rfc8 25.
Qa6+ Rc6 26. Qb7 Rac8 27. a3 a6 28. Ng3 R8c7 29. Qb8 Rc8 30. Qb7 R8c7 31. Qb8 Rc8 32. Qb2 Bg6 33. Nf5 h5 34. Qb7 R8c7 35. Qb8 Rc8 36.
Qb7 R8c7 37. Qb3 hxg4 38. hxg4 c4 39. Qb4 Nxg4 40. Qf8+ Ke5 41. Ne7 cxd3 42. Nxg6+ Rxg6 43. Qf5+ Kd6 44. Qxg6+ Kc5 45. cxd3 Ne3 46. Qxg5+ Kb6 47. Qf6+ Ka5 48. Qe5+ 1-0

[Event "*** Titled Tuesday 3|2 Blitz"]
[Site "Chess.com"]
[Date "2016.02.02"]
[Round "2"]
[White "HustleStandard"]
[Black "Malev212"]
[Result "0-1"]
[WhiteElo "2382"]
[BlackElo "2328"]
[TimeControl "180+2"]
[EndTime "17:20:35 PST"]
[Termination "Malev212 won by resignation"]

1. d4 Nf6 2. c4 b6 3. Nc3 Bb7 4.
f3 d5 5. cxd5 Nxd5 6. e4 Nxc3 7.
bxc3 e5 8. Bb5+ c6 9. Bc4 exd4 10. Ne2 d3 11. Nd4 Nd7 12. Qb3 Ne5 13. Bf4 Nxc4 14.
Qxc4 Bc5 15. Nf5 O-O 16. O-O-O Bc8 17. Rxd3 Qf6 18. g4 Be6 19. Qa6 Rad8 20. Rhd1 Rxd3 21. Rxd3 Bxf5 22. gxf5 Qh4 23. Bg3 Qh3 24. f6 Qf1+ 25. Kc2 Qe2+ 26. Kb3 gxf6 27. Bf4 h5 28. Bh6 Re8 29.
Qc4 b5 30. Qxc5 Qxd3 31. Qxc6 Re6 32. Qd5 Qb1+ 0-1

[Event "*** Titled Tuesday 3|2 Blitz"]
[Site "Chess.com"]
[Date "2016.02.02"]
[Round "2"]
[White "chessking2151"]
[Black "Assasin14"]
[Result "1-0"]
[WhiteElo "2245"]
[BlackElo "2013"]
[TimeControl "180+2"]
[EndTime "17:20:35 PST"]
[Termination "chessking2151 won by resignation"]

1. e4 c5 2. Nf3 d6 3. Bb5+ Bd7 4. Bxd7+ Nxd7 5. O-O Ngf6 6. Re1 e6 7. b3 Be7 8. Bb2 O-O 9. d4 cxd4 10. Nxd4 Rc8 11. c4 a6 12. Nc3 Nc5 13. Qe2 Qc7 14. Rad1 Rfd8 15. f4 Bf8 16. f5 exf5 17. Nxf5 Re8 18. Qf3 Qc6 19. Nd5 Ncxe4 20. Rxe4 Nxe4 21. Bxg7 Bxg7 22. Nfe7+ Kh8 23. Nxc6 bxc6 24. Nf4 d5 25.
h4 d4 26. Nh5 Nc3 27. Rf1 Rg8 28. Qxf7 Rcf8 29. Qd7 Rxf1+ 30. Kxf1 Ne4 31. Nxg7 Ng3+ 32. Kg1 Rxg7 33. Qd8+ Rg8 34. Qxd4+ Rg7 35. Qd8+ Rg8 36. Qf6+ Rg7 37. Qxc6 Ne2+ 38. Kh2 Nf4 39. Qe8+ Rg8 40. Qe5+ Rg7 41. Qxf4 Rg8 42. Qf6+ Rg7 43. h5 Kg8 44. h6 Rg6 45. Qxg6+ hxg6 46. c5 Kh8 47. c6 Kh7 48. c7 Kxh6 49. c8=Q Kg7 50. Qh3 Kf7 51.
Qc3 1-0

[Event "*** Titled Tuesday 3|2 Blitz"]
[Site "Chess.com"]
[Date "2016.02.02"]
[Round "2"]
[White "Zkid"]
[Black "cheese111"]
[Result "1-0"]
[WhiteElo "2436"]
[BlackElo "2301"]
[TimeControl "180+2"]
[EndTime "17:20:50 PST"]
[Termination "Zkid won on time"]

1. e4 e5 2. Nf3 Nc6 3. Bb5 a6 4. Bxc6 dxc6 5. O-O Qf6 6. d4 exd4 7. Bg5 Qd6 8. Qxd4 Qxd4 9. Nxd4 Ne7 10. Bf4 Kd8 11. Nc3 Bd7 12. Rad1 Kc8 13. Rd3 Ng6 14. Bg3 Bb4 15.
f4 Re8 16. f5 Ne5 17. Bxe5 Rxe5 18. Re1 f6 19. g4 b6 20. Nf3 Re7 21. e5 fxe5 22.
Rxe5 Rxe5 23. Nxe5 Bd6 24. Nc4 Bc5+ 25. Kg2 Be8 26. Na4 Be7 27. Naxb6+ cxb6 28. Nxb6+ Kb7 29. Nxa8 Bf6 30. h4 Kxa8 31. g5 1-0

[Event "*** Titled Tuesday 3|2 Blitz"]
[Site "Chess.com"]
[Date "2016.02.02"]
[Round "2"]
[White "pKiLz5Rn9b"]
[Black "Quiet_Desperation"]
[Result "1-0"]
[WhiteElo "2343"]
[BlackElo "2111"]
[TimeControl "180+2"]
[EndTime "17:20:59 PST"]
[Termination "pKiLz5Rn9b won by resignation"]

1. e4 e6 2. d4 d5 3. Nd2 Nf6 4. e5 Nfd7 5. Bd3 c5 6. c3 Nc6 7. Ne2 cxd4 8. cxd4 f6 9. exf6 Nxf6 10. Nf3 Bd6 11. O-O Qc7 12. Bg5 O-O 13. Bh4 Nh5 14. Qc2 h6 15. Bh7+ Kh8 16. Bg6 Rxf3 17. Bxh5 Bxh2+ 18.
Kh1 Rf5 19. Bg6 Bd6 20. Bxf5 exf5 21. Rae1 Qf7 22. Bg3 Bb4 23. Nc3 Bd7 24. Be5 f4 25. f3 Rc8 26. Qb3 Nxe5 27. Rxe5 Bd6 28. Qxd5 Qf8 29. Ree1 Bc6 30. Qe6 Rd8 31. a3 Bd7 32.
Qe4 Qf7 33. Qxb7 Qh5+ 34. Kg1 Bh3 35. Rf2 Qh4 36. Ne4 Bxg2 37. Kxg2 Be7 1-0